| TOP OF THE 1ST |
|
Salt Lake Bees batting - Pitching for Norfolk Tides : RHP Sam Wilson
|
|
Pitching: RHP Sam Wilson
|
|
|
Batting: SHB Butch Brown
|
0-0: Ball 1-0: Ground out 4-3 (Groundball, 34, EV 89.4 MPH)
|
|
Batting: RHB Ryan Munro
|
0-0: DOUBLE (Groundball, 5L, EV 106.2 MPH)
|
|
Batting: LHB Brett Bugge
|
0-0: Fly out, F4 (Popup, 34D, EV 41.9 MPH)
|
|
Batting: RHB Melvin Gomez
|
0-0: Ball 1-0: Fly out, F9 (Flyball, 9, EV 86.2 MPH)
|
| Top of the 1st over - 0 runs, 1 hit, 0 errors, 1 left on base; Salt Lake 0 - Norfolk 0 |
| BOTTOM OF THE 1ST |
|
Norfolk Tides batting - Pitching for Salt Lake Bees : RHP Harry Christopher
|
|
Pitching: RHP Harry Christopher
|
|
|
Batting: RHB Bobby Scholl
|
0-0: Fly out, F9 (Line Drive, 89M, EV 93.1 MPH)
|
|
Batting: LHB Jose Chinchilla
|
0-0: Ball 1-0: Fly out, F8 (Flyball, 8LXD, EV 106.9 MPH)
|
|
Batting: RHB Kory Sanchez
|
0-0: Hit by Pitch
|
|
Batting: RHB Muneer Maudad
|
0-0: Called Strike 0-1: Ball 1-1: SINGLE (Groundball, 6MD, EV 94.4 MPH) Kory Sanchez to second
|
|
Batting: LHB Wes Goscinski
|
0-0: Ball 1-0: Foul Ball, location: 2F 1-1: Ball 2-1: Foul Ball, location: 2F 2-2: DOUBLE (Groundball, 3L, EV 102.5 MPH) Kory Sanchez scores Muneer Maudad to third
|
|
Pitching: RHP Jason Smallwood
|
|
|
Batting: SHB Brian Bentz
|
0-0: Called Strike 0-1: Ball 1-1: Ball 2-1: Ball 3-1: Base on Balls
|
|
Batting: RHB Mario Saez
|
0-0: Called Strike 0-1: Foul Ball, location: 2F 0-2: Ball 1-2: Fly out, F8 (Line Drive, 8LM, EV 106.2 MPH)
|
| Bottom of the 1st over - 1 run, 2 hits, 0 errors, 3 left on base; Salt Lake 0 - Norfolk 1 |
| TOP OF THE 2ND |
|
Salt Lake Bees batting - Pitching for Norfolk Tides : RHP Sam Wilson
|
|
Batting: LHB James McCauley
|
0-0: Called Strike 0-1: Ground out 4-3 (Groundball, 4D, EV 102.5 MPH)
|
|
Batting: LHB Jonathon Walton
|
0-0: Called Strike 0-1: Called Strike 0-2: Strikes out swinging
|
|
Batting: RHB Josh Faulconer
|
0-0: Called Strike 0-1: Foul Ball, location: 2F 0-2: Ball 1-2: Strikes out swinging
|
| Top of the 2nd over - 0 runs, 0 hits, 0 errors, 0 left on base; Salt Lake 0 - Norfolk 1 |
| BOTTOM OF THE 2ND |
|
Norfolk Tides batting - Pitching for Salt Lake Bees : RHP Jason Smallwood
|
|
Batting: RHB Ryan Taylor
|
0-0: Ball 1-0: Foul Ball, location: 2F 1-1: Called Strike 1-2: Ground out 5-3 (Groundball, 5, EV 86.9 MPH)
|
|
Batting: RHB Andy Bridger
|
0-0: Fly out, F8 (Flyball, 89S, EV 88.8 MPH)
|
|
Batting: RHB Bobby Scholl
|
0-0: Ball 1-0: Foul Ball, location: 2F 1-1: Ball 2-1: Ball 3-1: Swinging Strike 3-2: SINGLE (Groundball, 6MD, EV 104.4 MPH)
|
|
Batting: LHB Jose Chinchilla
|
0-0: Called Strike 0-1: SINGLE (Flyball, 3D, EV 88.8 MPH) Bobby Scholl to second Runner from 2nd tries for 3rd, SAFE, throw by RF made to third
|
|
Batting: RHB Kory Sanchez
|
0-0: DOUBLE (Line Drive, 9LD, EV 106.9 MPH) Bobby Scholl scores Jose Chinchilla to third
|
|
Batting: RHB Muneer Maudad
|
0-0: Ground out 6-3 (Groundball, 6, EV 92.5 MPH)
|
| Bottom of the 2nd over - 1 run, 3 hits, 0 errors, 2 left on base; Salt Lake 0 - Norfolk 2 |
| TOP OF THE 3RD |
|
Salt Lake Bees batting - Pitching for Norfolk Tides : RHP Sam Wilson
|
|
Batting: RHB Brandon Davis
|
0-0: Swinging Strike 0-1: Ball 1-1: Foul Ball, location: 2F 1-2: Strikes out looking
|
|
Batting: RHB Juan Rosa
|
0-0: Foul Ball, location: 2F 0-1: Called Strike 0-2: Strikes out looking
|
|
Batting: SHB Butch Brown
|
0-0: Ball 1-0: Swinging Strike 1-1: Ball 2-1: Ground out 4-3 (Groundball, 4M, EV 103.8 MPH)
|
| Top of the 3rd over - 0 runs, 0 hits, 0 errors, 0 left on base; Salt Lake 0 - Norfolk 2 |
| BOTTOM OF THE 3RD |
|
Norfolk Tides batting - Pitching for Salt Lake Bees : RHP Jason Smallwood
|
|
Batting: LHB Wes Goscinski
|
0-0: Ball 1-0: Ball 2-0: Ball 3-0: Called Strike 3-1: Base on Balls
|
|
Batting: SHB Brian Bentz
|
0-0: Foul Ball, location: 2F 0-1: Ball 1-1: Ball 2-1: Ball 3-1: Base on Balls Wes Goscinski to second
|
|
Batting: RHB Mario Saez
|
0-0: Ball 1-0: Foul Ball, location: 2F 1-1: Grounds into double play, 4-6-3 (Groundball, 4, EV 83.8 MPH) Wes Goscinski to third
|
|
Pitching: LHP Steve McClain
|
|
|
Batting: RHB Ryan Taylor
|
0-0: Called Strike 0-1: Foul Ball, location: 2F 0-2: Ball 1-2: Ground out 3-1 (Groundball, 34S, EV 86.9 MPH)
|
| Bottom of the 3rd over - 0 runs, 0 hits, 0 errors, 1 left on base; Salt Lake 0 - Norfolk 2 |
| TOP OF THE 4TH |
|
Salt Lake Bees batting - Pitching for Norfolk Tides : RHP Sam Wilson
|
|
Batting: RHB Ryan Munro
|
0-0: Fly out, F9 (Flyball, 9D, EV 95.0 MPH)
|
|
Batting: LHB Brett Bugge
|
0-0: Swinging Strike 0-1: Ball 1-1: Ball 2-1: Fly out, F9 (Flyball, 9, EV 91.2 MPH)
|
|
Batting: RHB Melvin Gomez
|
0-0: Called Strike 0-1: Foul Ball, location: 2F 0-2: Ball 1-2: SINGLE (Line Drive, 89M, EV 91.9 MPH)
|
|
Batting: LHB James McCauley
|
0-0: Called Strike 0-1: Foul Ball, location: 2F 0-2: Ball 1-2: DOUBLE (Flyball, 78XD, EV 106.9 MPH) Melvin Gomez to third Runner from 3rd tries for Home, SAFE, no throw by CF
|
|
Batting: LHB Jonathon Walton
|
0-0: Called Strike 0-1: Ball 1-1: Swinging Strike 1-2: Ball 2-2: Ball 3-2: Base on Balls
|
|
Batting: RHB Josh Faulconer
|
0-0: Called Strike 0-1: Called Strike 0-2: Strikes out swinging
|
| Top of the 4th over - 1 run, 2 hits, 0 errors, 2 left on base; Salt Lake 1 - Norfolk 2 |
| BOTTOM OF THE 4TH |
|
Norfolk Tides batting - Pitching for Salt Lake Bees : LHP Steve McClain
|
|
Batting: RHB Andy Bridger
|
0-0: SINGLE (Groundball, 4MD, EV 85.6 MPH) (infield hit)
|
|
Batting: RHB Bobby Scholl
|
0-0: Ball 1-0: Ball 2-0: Ball 3-0: Base on Balls Andy Bridger to second
|
|
Batting: LHB Jose Chinchilla
|
0-0: Ball 1-0: Fly out, F6 (Popup, P, EV 69.4 MPH)
|
|
Batting: RHB Kory Sanchez
|
0-0: Swinging Strike 0-1: Ball 1-1: Foul Ball, location: 2F 1-2: Ball 2-2: Strikes out swinging
|
|
Batting: RHB Muneer Maudad
|
0-0: Ball 1-0: Fielders Choice at 2nd, 6-4 (Groundball, 56, EV 100.0 MPH)
|
| Bottom of the 4th over - 0 runs, 1 hit, 0 errors, 2 left on base; Salt Lake 1 - Norfolk 2 |
| TOP OF THE 5TH |
|
Salt Lake Bees batting - Pitching for Norfolk Tides : RHP Sam Wilson
|
|
Batting: RHB Brandon Davis
|
0-0: Ball 1-0: Foul Ball, location: 2F 1-1: SINGLE (Groundball, 56, EV 106.2 MPH) (infield hit)
|
|
Batting: RHB Juan Rosa
|
0-0: Grounds into double play, 5-4-3 (Groundball, 56, EV 85.0 MPH)
|
|
Batting: SHB Butch Brown
|
0-0: Called Strike 0-1: Ball 1-1: Foul Ball, location: 2F 1-2: Strikes out swinging
|
| Top of the 5th over - 0 runs, 1 hit, 0 errors, 0 left on base; Salt Lake 1 - Norfolk 2 |
| BOTTOM OF THE 5TH |
|
Norfolk Tides batting - Pitching for Salt Lake Bees : LHP Steve McClain
|
|
Batting: LHB Wes Goscinski
|
0-0: Called Strike 0-1: Ball 1-1: Foul Ball, location: 2F 1-2: SINGLE (Line Drive, 6D, EV 95.6 MPH)
|
|
Batting: SHB Brian Bentz
|
0-0: Ball 1-0: Ball 2-0: Ball 3-0: Base on Balls Wes Goscinski to second
|
|
Batting: RHB Mario Saez
|
0-0: Ball 1-0: Foul Ball, location: 2F 1-1: Ball 2-1: Grounds into double play, 5-4-3 (Groundball, 56S, EV 84.4 MPH) Wes Goscinski to third
|
|
Batting: RHB Ryan Taylor
|
0-0: Ball 1-0: Called Strike 1-1: Fly out, F7 (Flyball, 78S, EV 97.5 MPH)
|
| Bottom of the 5th over - 0 runs, 1 hit, 0 errors, 1 left on base; Salt Lake 1 - Norfolk 2 |
| TOP OF THE 6TH |
|
Salt Lake Bees batting - Pitching for Norfolk Tides : RHP Sam Wilson
|
|
Batting: RHB Ryan Munro
|
0-0: Ball 1-0: Ball 2-0: Ball 3-0: Base on Balls
|
|
Batting: LHB Brett Bugge
|
0-0: Ball 1-0: Fly out, F4 (Flyball, 4D, EV 89.4 MPH)
|
|
Batting: RHB Melvin Gomez
|
0-0: Ground out 1-3 (Groundball, P, EV 73.1 MPH) Ryan Munro to second
|
|
Batting: LHB James McCauley
|
0-0: Called Strike 0-1: Fly out, F3 (Line Drive, 34, EV 66.9 MPH)
|
| Top of the 6th over - 0 runs, 0 hits, 0 errors, 1 left on base; Salt Lake 1 - Norfolk 2 |
| BOTTOM OF THE 6TH |
|
Norfolk Tides batting - Pitching for Salt Lake Bees : LHP Steve McClain
|
|
Batting: RHB Andy Bridger
|
0-0: Ground out U3 (Groundball, 13, EV 83.1 MPH)
|
|
Batting: RHB Bobby Scholl
|
0-0: Ball 1-0: Called Strike 1-1: Ball 2-1: Ball 3-1: Ground out 5-3 (Groundball, 56, EV 80.0 MPH)
|
|
Batting: LHB Jose Chinchilla
|
0-0: Ground out 6-3 (Groundball, 56, EV 105.0 MPH)
|
| Bottom of the 6th over - 0 runs, 0 hits, 0 errors, 0 left on base; Salt Lake 1 - Norfolk 2 |
| TOP OF THE 7TH |
|
Salt Lake Bees batting - Pitching for Norfolk Tides : RHP Sam Wilson
|
|
Batting: LHB Jonathon Walton
|
0-0: Foul Ball, location: 2F 0-1: SINGLE (Groundball, 6S, EV 67.5 MPH) (infield hit)
|
|
Batting: RHB Josh Faulconer
|
0-0: Sac Bunt to 2R - play at first, batter OUT! 2-3 Jonathon Walton to second
|
|
Batting: RHB Brandon Davis
|
0-0: Called Strike Jonathon Walton steals 3rd base 0-1: Swinging Strike 0-2: Strikes out swinging
|
|
Batting: RHB Juan Rosa
|
0-0: Called Strike 0-1: Ball 1-1: Ball 2-1: Foul Ball, location: 2F 2-2: Foul Ball, location: 2F 2-2: Foul Ball, location: 2F 2-2: Ball 3-2: Base on Balls
|
|
Batting: SHB Butch Brown
|
0-0: Called Strike 0-1: Called Strike 0-2: Foul Ball, location: 2F 0-2: Ball 1-2: Ball 2-2: SINGLE (Groundball, 5S, EV 76.9 MPH) (infield hit) Jonathon Walton scores Juan Rosa to second
|
|
Batting: RHB Ryan Munro
|
0-0: Foul Ball, location: 2F 0-1: Foul Ball, location: 2F 0-2: Ball 1-2: Foul Ball, location: 2F 1-2: Foul Ball, location: 2F 1-2: Strikes out swinging
|
| Top of the 7th over - 1 run, 2 hits, 0 errors, 2 left on base; Salt Lake 2 - Norfolk 2 |
| BOTTOM OF THE 7TH |
|
Norfolk Tides batting - Pitching for Salt Lake Bees : LHP Steve McClain
|
|
Pitching: RHP Shane Woods
|
|
|
Batting: RHB Kory Sanchez
|
0-0: SINGLE (Groundball, 34, EV 98.8 MPH)
|
|
Batting: RHB Muneer Maudad
|
0-0: Swinging Strike 0-1: Swinging Strike 0-2: Foul Ball, location: 2F 0-2: Foul Ball, location: 2F 0-2: Ball 1-2: Ball 2-2: Foul Ball, location: 2F 2-2: Ball 3-2: DOUBLE (Line Drive, 8RXD, EV 107.5 MPH) Kory Sanchez to third
|
|
Batting: LHB Wes Goscinski
|
0-0: Ball 1-0: Ball 2-0: Swinging Strike 2-1: SINGLE (Line Drive, 78S, EV 110.0 MPH) Kory Sanchez scores Muneer Maudad to third
|
|
Batting: SHB Brian Bentz
|
0-0: Called Strike 0-1: Swinging Strike 0-2: Ball 1-2: Strikes out looking
|
|
Batting: RHB Mario Saez
|
0-0: Hit by Pitch Wes Goscinski to second
|
|
Batting: RHB Ryan Taylor
|
0-0: SINGLE (Groundball, 6, EV 103.1 MPH) (infield hit) Muneer Maudad scores Wes Goscinski to third Mario Saez to second
|
|
Batting: RHB Andy Bridger
|
0-0: Ball 1-0: Called Strike 1-1: SINGLE (Groundball, 56, EV 109.4 MPH) Wes Goscinski scores Mario Saez to third Ryan Taylor to second
|
|
Batting: RHB Bobby Scholl
|
0-0: Called Strike 0-1: Foul Ball, location: 2F 0-2: Ball 1-2: SINGLE (Groundball, 4, EV 103.8 MPH) (infield hit) Mario Saez scores Ryan Taylor to third Andy Bridger to second
|
|
Pitching: LHP Steve Cooper
|
|
|
Batting: LHB Jose Chinchilla
|
0-0: Foul Ball, location: 2F 0-1: Ball 1-1: Ball 2-1: Called Strike 2-2: Ball 3-2: Strikes out swinging
|
|
Batting: RHB Kory Sanchez
|
0-0: Ball 1-0: Ball 2-0: Called Strike 2-1: Foul Ball, location: 2F 2-2: Fielders Choice at 2nd, 6-4 (Groundball, 6, EV 86.9 MPH)
|
| Bottom of the 7th over - 4 runs, 6 hits, 0 errors, 3 left on base; Salt Lake 2 - Norfolk 6 |
| TOP OF THE 8TH |
|
Salt Lake Bees batting - Pitching for Norfolk Tides : RHP Sam Wilson
|
|
Batting: LHB Brett Bugge
|
0-0: Ball 1-0: Called Strike 1-1: Ball 2-1: Called Strike 2-2: SINGLE (Groundball, 4M, EV 106.2 MPH) (infield hit)
|
|
Pitching: RHP Ryan Hemmerich
|
|
|
Batting: RHB Melvin Gomez
|
0-0: Foul Ball, location: 2F 0-1: Ball 1-1: Hit by Pitch Brett Bugge to second
|
|
Batting: LHB James McCauley
|
0-0: Ball 1-0: Ball 2-0: Swinging Strike 2-1: Foul Ball, location: 2F 2-2: Ball 3-2: Foul Ball, location: 2F 3-2: Foul Ball, location: 2F 3-2: Foul Ball, location: 2F 3-2: Strikes out swinging
|
|
Batting: LHB Jonathon Walton
|
0-0: Swinging Strike 0-1: Ball 1-1: Called Strike 1-2: Foul Ball, location: 2F 1-2: Grounds into double play, 5-4-3 (Groundball, 56, EV 108.8 MPH)
|
| Top of the 8th over - 0 runs, 1 hit, 0 errors, 1 left on base; Salt Lake 2 - Norfolk 6 |
| BOTTOM OF THE 8TH |
|
Norfolk Tides batting - Pitching for Salt Lake Bees : LHP Steve Cooper
|
|
Batting: RHB Muneer Maudad
|
0-0: Swinging Strike 0-1: Foul Ball, location: 2F 0-2: Strikes out looking
|
|
Batting: LHB Wes Goscinski
|
0-0: Called Strike 0-1: Ball 1-1: Fly out, F9 (Flyball, 9, EV 83.1 MPH)
|
|
Batting: SHB Brian Bentz
|
0-0: Called Strike 0-1: Ball 1-1: Foul Ball, location: 2F 1-2: Foul Ball, location: 2F 1-2: Ball 2-2: Ball 3-2: Strikes out swinging
|
| Bottom of the 8th over - 0 runs, 0 hits, 0 errors, 0 left on base; Salt Lake 2 - Norfolk 6 |
| TOP OF THE 9TH |
|
Salt Lake Bees batting - Pitching for Norfolk Tides : RHP Ryan Hemmerich
|
|
Batting: RHB Josh Faulconer
|
0-0: Ball 1-0: Ball 2-0: Ball 3-0: Called Strike 3-1: Foul Ball, location: 2F 3-2: Base on Balls
|
|
Batting: RHB Brandon Davis
|
0-0: Fly out, F5 (Line Drive, 5, EV 70.6 MPH)
|
|
Batting: RHB Juan Rosa
|
0-0: Ball 1-0: Ball 2-0: Ball Wild Pitch! Josh Faulconer to second 3-0: Called Strike 3-1: Foul Ball, location: 2F 3-2: Foul Ball, location: 2F 3-2: Foul Ball, location: 2F 3-2: Base on Balls
|
|
Pitching: RHP Brent Widder
|
|
|
Batting: SHB Butch Brown
|
0-0: Foul Ball, location: 2F 0-1: Foul Ball, location: 2F 0-2: Ball 1-2: Foul Ball, location: 2F 1-2: Ball 2-2: Ball 3-2: Foul Ball, location: 2F 3-2: Foul Ball, location: 2F 3-2: Base on Balls Josh Faulconer to third Juan Rosa to second
|
|
Batting: RHB Ryan Munro
|
0-0: SINGLE (Groundball, 6D, EV 106.2 MPH) Josh Faulconer scores Juan Rosa to third Butch Brown to second
|
|
Batting: LHB Brett Bugge
|
0-0: Called Strike 0-1: Ball 1-1: Swinging Strike 1-2: Ball 2-2: Strikes out swinging
|
|
Batting: RHB Melvin Gomez
|
0-0: Ball 1-0: Ball 2-0: Ball 3-0: Swinging Strike 3-1: Foul Ball, location: 2F 3-2: Strikes out swinging
|
| Top of the 9th over - 1 run, 1 hit, 0 errors, 3 left on base; Salt Lake 3 - Norfolk 6 |
|